 Dungeon Crawl Stone Soup version 0.24-a0-271-ga0fc33f (webtiles) character file.

Game seed: 16208948983430042833

510 Anon1729 the Chopper (level 7, -8/63 HPs)
             Began as a Naga Fighter on Apr 23, 2019.
             Killed by divine providence
             ... invoked by an orc priest
              (10 damage)
             ... on level 4 of the Dungeon.
             The game lasted 00:06:19 (2970 turns).

Anon1729 the Chopper (Naga Fighter)                 Turns: 2970, Time: 00:06:20

Health: -8/63      AC: 11    Str: 20    XL:     7   Next: 19%
Magic:  7/7        EV:  6    Int:  9    God:
Gold:   241        SH:  9    Dex: 10    Spells: 6/6 levels left

rFire    . . .     SeeInvis +   e - +3 hand axe
rCold    . . .     Gourm    .   c - +0 shield
rNeg     . . .     Faith    .   b - +0 scale mail
rPois    +         Spirit   .   j - +2 helmet {SInv}
rElec    .         Reflect  .   i - +1 cloak
rCorr    .         Harm     .   (no gloves)
MR       .....                  (no barding)
Stlth    ..........             g - amulet of inaccuracy (curse)
HPRegen  0.20/turn              (no ring)
MPRegen  0.10/turn              (no ring)

@: very slow
A: large, see invisible, deformed body, poison resistance, slowness 2, slow
metabolism 1, spit poison 1, AC +2
a: Spit Poison


You were on level 4 of the Dungeon.
You were hungry.

You visited 1 branch of the dungeon, and saw 4 of its levels.
You also visited: Sewer.

You collected 241 gold pieces.

Inventory:

Hand Weapons
 a - a +0 war axe
 e - a +3 hand axe (weapon)
Missiles
 k - 11 javelins (quivered)
Armour
 b - a +0 scale mail (worn)
 c - a +0 shield (worn)
 i - a +1 cloak (worn)
 j - a +2 helmet of see invisible (worn)
Jewellery
 g - a cursed amulet of inaccuracy (around neck)
 y - an uncursed ring of poison resistance {unknown}
Scrolls
 h - 5 scrolls of teleportation
 n - 4 scrolls of identify
 q - a scroll of fear
 r - a scroll of enchant weapon
 v - a scroll of immolation {unknown}
Potions
 d - a potion of might
 l - 2 potions of degeneration {unknown}
 m - a potion of invisibility {unknown}
 o - 2 potions of haste {unknown}
 p - a potion of lignification {unknown}
 s - a potion of ambrosia {unknown}
 t - 3 potions of curing {unknown}
 u - a potion of cancellation {unknown}
 w - 2 potions of heal wounds {unknown}
 x - 3 potions of flight {unknown}
Comestibles
 f - 4 rations


   Skills:
 + Level 3.9 Fighting
 + Level 4.6 Axes
 + Level 3.6 Armour
 + Level 1.0 Dodging
 + Level 0.4 Stealth
 + Level 4.0 Shields


You had 6 spell levels left.
You didn't know any spells.
Your spell library was empty.

Dungeon Overview and Level Annotations

Branches:
Dungeon (4/15)
 Temple: D:4-7

Altars:
Elyvilon
Hepliaklqana
Ru
Trog
Vehumet


Innate Abilities, Weirdness & Mutations

You cannot wear boots.
Your serpentine skin is tough. (AC +2)
You have supernaturally acute eyesight. (SInv)
Armour fits poorly on your strangely shaped body.
Your system is resistant to poisons. (rPois)
You cover ground very slowly.
You have a slow metabolism.
You can spit poison.


Message History

The orc priest is heavily wounded.
You closely miss the orc priest. You block the orc priest's attack. x2
You miss the orc priest.
The orc priest is heavily wounded.
You barely miss the orc priest.
The orc priest calls upon Beogh to heal the orc priest.
The orc priest is healed somewhat.
You block the orc priest's attack.
The orc priest calls down the wrath of Beogh upon you.
Beogh smites you!
You closely miss the orc priest.
The orc priest is lightly wounded.
You hit the orc priest.
The orc priest hits you with a +3 falchion.
* * * LOW HITPOINT WARNING * * *
The orc priest calls down the wrath of Beogh upon you.
Beogh smites you!
* * * LOW HITPOINT WARNING * * *
The orc priest invokes the aid of Beogh against you.
Beogh smites you!
You die...

#(...########.......
##'##.....o.o'....... # #..
#...##.#######...$...
≈##...#.(.##.### ......?
≈##..###(###...# ....o..
≈...##..().###.# ...o...
≈...#..†()(.#..### .......
≈...#.......#..oo# (......
≈...#)....).####@##########
≈##.##.....##..#<...#
≈.#.########.#.##.#.###
#...# #..# #.#........#
#.### ##.###.########.#
#...# #(.##.# # ###.#
##.##.# # #.# #.##.# #.#
#.##.#


You could see 2 orc priests.

Vanquished Creatures
  A sky beast (D:3)
  2 big kobolds
  A howler monkey (D:4)
  4 gnolls
  8 adders
  A river rat (Sewer)
  An ooze (D:1)
  A worm (D:3)
  2 dart slugs
  A leopard gecko (D:2)
  5 orcs (D:3)
  3 ball pythons
  4 giant cockroaches
  15 goblins
  6 hobgoblins
  9 jackals
  A quokka (D:3)
  7 bats
  6 frilled lizards
  16 kobolds
  14 rats
108 creatures vanquished.

Notes
Turn   | Place    | Note
-------+----------+-------------------------------------------
     0 | D:1      | Anon1729 the Naga Fighter began the quest for the Orb.
     0 | D:1      | Reached XP level 1. HP: 21/21 MP: 1/1
   150 | D:1      | Reached XP level 2. HP: 24/28 MP: 2/2
   356 | D:1      | Reached XP level 3. HP: 34/34 MP: 3/3
   707 | D:2      | Reached XP level 4. HP: 41/42 MP: 4/4
   969 | D:2      | Found a hazy altar of Hepliaklqana.
   972 | D:2      | Found a radiant altar of Vehumet.
   981 | D:2      | Found a sacrificial altar of Ru.
   984 | D:2      | Found a white marble altar of Elyvilon.
  1269 | D:2      | Reached XP level 5. HP: 49/49 MP: 5/5
  1602 | D:3      | Found a glowing drain.
  1611 | Sewer    | Entered a sewer
  1823 | Sewer    | Noticed a big kobold
  1841 | Sewer    | Killed a big kobold
  1841 | Sewer    | Reached XP level 6. HP: 57/57 MP: 6/6
  1858 | Sewer    | Found a glowing silver altar of Zin.
  2145 | D:3      | Noticed a sky beast
  2169 | D:3      | Killed a sky beast
  2170 | D:3      | Found a bloodstained altar of Trog.
  2522 | D:4      | Reached skill level 1 in Dodging
  2646 | D:4      | Reached XP level 7. HP: 60/63 MP: 7/7
  2970 | D:4      | HP: 2/63 [orc priest/divine providence (15)]
  2970 | D:4      | Killed from afar by an orc priest

Levels and vault maps discovered:
D:1:      shiori_shiawase, layout_loops_ring
D:2:      layout_basic, grunt_temple_overflow_cloverleaf
D:3:      layout_basic, lemuel_coloured_pillars_altar, portal_sewer_entry_d,
          first_ration
D:4:      wander_river, layout_basic, minmay_goblin_kobold_house
Sewer:    sewer_kobolds

Skill      XL: |  1  2  3  4  5  6  7 |
---------------+----------------------+-----
Axes           | 3 4 |  4.6
Shields        | 3 4 |  4.0
Armour         | 3 |  3.6
Dodging        | 1 |  1.0
Fighting       | |  3.9
Stealth        | |  0.4

Action                   |  1- 3 |  4- 6 |  7- 9 || total
-------------------------+-------+-------+-------++-------
Melee: Hand axe          |    88 |   224 |    24 ||   336
  Use: Scroll            |       |     4 |       ||     4
  Eat: Chunk             |       |     5 |       ||     5
Armor: Scale mail        |    58 |   124 |    12 ||   194
Dodge: Dodged            |    18 |    38 |     5 ||    61
Block: Shield            |    38 |   111 |    15 ||   164

Table legend:
 A = Non-vault XP
 B = Vault XP
 C = Vault XP percentage of total XP
 D = Non-vault monster count
 E = Vault monster count
 F = Vault count percentage of total count
                 A         B        C        D         E       F
            +---------+---------+-------+---------+---------+-------
      Total |     579 |     150 |  20.6 |      91 |      17 |  15.7
            +---------+---------+-------+---------+---------+-------
        D:1 |      73 |       0 |   0.0 |      33 |       0 |   0.0
        D:2 |     104 |       0 |   0.0 |      30 |       0 |   0.0
        D:3 |     232 |      13 |   5.3 |      24 |       1 |   4.0
        D:4 |     170 |       7 |   4.0 |       4 |       5 |  55.6
      Sewer |       0 |     130 | 100.0 |       0 |      11 | 100.0
            +---------+---------+-------+---------+---------+-------
